A+ EAST
ABERDEEN IRONBIRDS @ WINSTON-SALEM DASH
06/03/2042
 
TOP OF THE 1ST
Aberdeen Ironbirds batting - Pitching for Winston-Salem Dash : RHP Luis Hernández
Pitching: RHP Luis Hernández
Batting: RHB Pat Pallister 0-0: Ball
1-0: Called Strike
1-1: Ball
2-1: Swinging Strike
2-2: Strikes out swinging
Batting: RHB José Ortíz 0-0: Ball
1-0: Ground out 6-3 (Groundball, 6, EV 85.0 MPH)
Batting: LHB Brett Leseberg 0-0: Called Strike
0-1: Swinging Strike
0-2: Ball
1-2: Strikes out swinging
Top of the 1st over - 0 runs, 0 hits, 0 errors, 0 left on base; Aberdeen 0 - Winston-Salem 0
BOTTOM OF THE 1ST
Winston-Salem Dash batting - Pitching for Aberdeen Ironbirds : RHP Ben Barr
Pitching: RHP Ben Barr
Batting: LHB Len Thompson 0-0: Called Strike
0-1: Ball
1-1: Ball
2-1: Foul Ball, location: 2F
2-2: Foul Ball, location: 2F
2-2: Foul Ball, location: 2F
2-2: Strikes out swinging
Batting: RHB Jeremiah Miller 0-0: Ball
1-0: Swinging Strike
1-1: Ball
2-1: Called Strike
2-2: Foul Ball, location: 2F
2-2: Fly out, F3 (Popup, 34, EV 66.9 MPH)
Batting: LHB Chris MacKinley 0-0: Foul Ball, location: 3F
0-1: Ball
1-1: Ball
2-1: Foul Ball, location: 25F
2-2: Ball
3-2: Foul Ball, location: 2F
3-2: DOUBLE (Line Drive, 78XD, EV 105.6 MPH)
Batting: LHB Junior Thomas 0-0: Swinging Strike
0-1: Ball
1-1: Swinging Strike
1-2: Strikes out swinging
Bottom of the 1st over - 0 runs, 1 hit, 0 errors, 1 left on base; Aberdeen 0 - Winston-Salem 0
TOP OF THE 2ND
Aberdeen Ironbirds batting - Pitching for Winston-Salem Dash : RHP Luis Hernández
Batting: RHB Jake Stokes 0-0: Called Strike
0-1: Foul Ball, location: 23F
0-2: Foul Ball, location: 9LSF
0-2: Ground out 6-3 (Groundball, 6, EV 83.8 MPH)
Batting: LHB Danny Bentley 0-0: Swinging Strike
0-1: Foul Ball, location: 2F
0-2: Strikes out swinging
Batting: RHB Mike Davis 0-0: Ball
1-0: Called Strike
1-1: Ball
2-1: DOUBLE (Flyball, 8LXD, EV 97.5 MPH)
Batting: RHB Juan Santiago 0-0: Ground out 6-3 (Groundball, 6, EV 81.9 MPH)
Top of the 2nd over - 0 runs, 1 hit, 0 errors, 1 left on base; Aberdeen 0 - Winston-Salem 0
BOTTOM OF THE 2ND
Winston-Salem Dash batting - Pitching for Aberdeen Ironbirds : RHP Ben Barr
Batting: SHB Josh Whitaker 0-0: Ball
1-0: Called Strike
1-1: Ball
2-1: Ball
3-1: Base on Balls
Batting: RHB José Cortéz 0-0: Ball
Josh Whitaker steals 2nd base
1-0: Sac Bunt to 15 - play at first, batter OUT! 1-3
Josh Whitaker to third
Batting: LHB Jorge Pagán 0-0: Called Strike
0-1: Ball
1-1: Fly out, F9 (Line Drive, 9S, EV 101.9 MPH)
Batting: RHB Vic Miller 0-0: Ball
1-0: Foul Ball, location: 2F
1-1: Ground out 6-3 (Groundball, 56, EV 84.4 MPH)
Bottom of the 2nd over - 0 runs, 0 hits, 0 errors, 1 left on base; Aberdeen 0 - Winston-Salem 0
TOP OF THE 3RD
Aberdeen Ironbirds batting - Pitching for Winston-Salem Dash : RHP Luis Hernández
Batting: SHB Alonso Roca 0-0: Ball
1-0: Foul Ball, location: 3SF
1-1: Ball
2-1: Called Strike
2-2: Ball
3-2: Base on Balls
Batting: RHB Jesús González 0-0: Sac Bunt to P - play at first, batter OUT! 1-3
Alonso Roca to second
Batting: RHB Pat Pallister 0-0: Ball
1-0: Called Strike
1-1: Ball
2-1: DOUBLE (Line Drive, 89D, EV 108.8 MPH)
Alonso Roca scores
Batting: RHB José Ortíz 0-0: Called Strike
Pat Pallister steals 3rd base
0-1: Foul Ball, location: 9LMF
0-2: Strikes out swinging
Batting: LHB Brett Leseberg 0-0: Foul Ball, location: 2F
0-1: Ball
1-1: Ball
2-1: Hit by Pitch
Batting: RHB Jake Stokes 0-0: Ball
1-0: DOUBLE (Line Drive, 7LM, EV 98.1 MPH)
Pat Pallister scores
Brett Leseberg to third
Batting: LHB Danny Bentley 0-0: Ball
1-0: Ground out 6-3 (Groundball, 6M, EV 90.0 MPH)
Top of the 3rd over - 2 runs, 2 hits, 0 errors, 2 left on base; Aberdeen 2 - Winston-Salem 0
BOTTOM OF THE 3RD
Winston-Salem Dash batting - Pitching for Aberdeen Ironbirds : RHP Ben Barr
Batting: RHB Jesús González 0-0: Ball
1-0: Called Strike
1-1: Ground out 6-3 (Groundball, 56, EV 91.3 MPH)
Batting: LHB Len Thompson 0-0: Foul Ball, location: 23F
0-1: DOUBLE (Line Drive, 3D, EV 105.0 MPH)
Pinch Runner at 2nd Tim Bentley:
Batting: RHB Jeremiah Miller 0-0: Called Strike
Tim Bentley steals 3rd base
0-1: Ball
1-1: Ball
2-1: Ball
3-1: Base on Balls
Batting: LHB Chris MacKinley 0-0: Ball
1-0: Swinging Strike
1-1: Fielders Choice at 2nd, 3-6 (Groundball, 3S, EV 85.0 MPH)
Tim Bentley scores
Batting: LHB Junior Thomas 0-0: Ball
1-0: Ball
Chris MacKinley steals 2nd base
2-0: Fly out, F9 (Line Drive, 89M, EV 88.8 MPH)
Bottom of the 3rd over - 1 run, 1 hit, 0 errors, 1 left on base; Aberdeen 2 - Winston-Salem 1
TOP OF THE 4TH
Aberdeen Ironbirds batting - Pitching for Winston-Salem Dash : RHP Luis Hernández
Now in CF: Tim Bentley
Batting: RHB Mike Davis 0-0: Fly out, F9 (Flyball, 89M, EV 83.8 MPH)
Batting: RHB Juan Santiago 0-0: Called Strike
0-1: Ball
1-1: Ground out 4-3 (Groundball, 4S, EV 82.5 MPH)
Batting: SHB Alonso Roca 0-0: Swinging Strike
0-1: Ball
1-1: Foul Ball, location: 5F
1-2: DOUBLE (Line Drive, 8RD, EV 110.0 MPH)
Batting: RHB Jesús González 0-0: Ball
1-0: Ball
2-0: Ball
3-0: Base on Balls
Batting: RHB Pat Pallister 0-0: Ball
1-0: Fly out, F9 (Flyball, 9LS, EV 87.5 MPH)
Top of the 4th over - 0 runs, 1 hit, 0 errors, 2 left on base; Aberdeen 2 - Winston-Salem 1
BOTTOM OF THE 4TH
Winston-Salem Dash batting - Pitching for Aberdeen Ironbirds : RHP Ben Barr
Batting: SHB Josh Whitaker 0-0: SINGLE (Line Drive, 4MD, EV 109.4 MPH)
Batting: RHB José Cortéz 0-0: Sac Bunt to 2L - play at first, batter OUT! 2-3
Josh Whitaker to second
Batting: LHB Jorge Pagán 0-0: Ball
1-0: Called Strike
1-1: Foul Ball, location: 7LMF
1-2: Ball
2-2: Ball
3-2: Foul Ball, location: 9LSFF
3-2: Base on Balls
Batting: RHB Vic Miller 0-0: Ball
1-0: SINGLE (Groundball, 34D, EV 96.3 MPH)
Josh Whitaker to third
Jorge Pagán to second
Runner from 3rd tries for Home, SAFE, throw by RF to home
Batting: RHB Jesús González 0-0: Ball
1-0: Ball
2-0: Ball
3-0: Base on Balls
Jorge Pagán to third
Vic Miller to second
Batting: RHB Tim Bentley 0-0: Ball
1-0: Called Strike
1-1: Fly out, F6 (Popup, 6, EV 69.4 MPH)
Batting: RHB Jeremiah Miller 0-0: Ball
1-0: Ball
2-0: Ball
3-0: Called Strike
3-1: DOUBLE (Line Drive, 5D, EV 94.4 MPH)
Jorge Pagán scores
Vic Miller scores
Jesús González to third
Runner from 3rd tries for Home, SAFE, throw by LF to home
Pitching: LHP Dan Haynes
Batting: LHB Chris MacKinley 0-0: Ball
1-0: Ball
2-0: Fly out, F7 (Line Drive, 78M, EV 103.8 MPH)
Bottom of the 4th over - 4 runs, 3 hits, 0 errors, 1 left on base; Aberdeen 2 - Winston-Salem 5
TOP OF THE 5TH
Aberdeen Ironbirds batting - Pitching for Winston-Salem Dash : RHP Luis Hernández
Batting: RHB José Ortíz 0-0: Ball
1-0: Ground out 6-3 (Groundball, 56D, EV 98.1 MPH)
Batting: LHB Brett Leseberg 0-0: Ball
1-0: Ball
2-0: Swinging Strike
2-1: Foul Ball, location: 2F
2-2: Ball
3-2: Strikes out looking
Batting: RHB Jake Stokes 0-0: Called Strike
0-1: Swinging Strike
0-2: Strikes out swinging
Top of the 5th over - 0 runs, 0 hits, 0 errors, 0 left on base; Aberdeen 2 - Winston-Salem 5
BOTTOM OF THE 5TH
Winston-Salem Dash batting - Pitching for Aberdeen Ironbirds : LHP Dan Haynes
Batting: LHB Junior Thomas 0-0: Ball
1-0: Ball
2-0: Called Strike
2-1: Foul Ball, location: 2F
2-2: Ball
3-2: Base on Balls
Batting: SHB Josh Whitaker 0-0: Called Strike
0-1: Foul Ball, location: 2F
0-2: Ball
1-2: Grounds into double play, 1-4-3 (Groundball, 15S, EV 75.0 MPH)
Batting: RHB José Cortéz 0-0: Called Strike
0-1: Fly out, F8 (Flyball, 8LD, EV 100.6 MPH)
Bottom of the 5th over - 0 runs, 0 hits, 0 errors, 0 left on base; Aberdeen 2 - Winston-Salem 5
TOP OF THE 6TH
Aberdeen Ironbirds batting - Pitching for Winston-Salem Dash : RHP Luis Hernández
Batting: LHB Danny Bentley 0-0: Called Strike
0-1: Ball
1-1: Swinging Strike
1-2: Foul Ball, location: 5FF
1-2: Ball
2-2: Foul Ball, location: 2F
2-2: Foul Ball, location: 3SF
2-2: Strikes out swinging
Batting: RHB Mike Davis 0-0: Called Strike
0-1: Ball
1-1: Ball
2-1: SINGLE (Line Drive, 78S, EV 107.5 MPH)
Batting: RHB Juan Santiago 0-0: Ball
1-0: Called Strike
1-1: Ball
2-1: Fly out, F8 (Flyball, 8LD, EV 99.4 MPH)
Batting: SHB Alonso Roca 0-0: Swinging Strike
0-1: Called Strike
0-2: Strikes out swinging
Top of the 6th over - 0 runs, 1 hit, 0 errors, 1 left on base; Aberdeen 2 - Winston-Salem 5
BOTTOM OF THE 6TH
Winston-Salem Dash batting - Pitching for Aberdeen Ironbirds : LHP Dan Haynes
Batting: LHB Jorge Pagán 0-0: Called Strike
0-1: Fly out, F3 (Popup, 34, EV 78.1 MPH)
Batting: RHB Vic Miller 0-0: Ball
1-0: DOUBLE (Flyball, 8RD, EV 95.0 MPH)
Batting: RHB Jesús González 0-0: Swinging Strike
0-1: Swinging Strike
0-2: Foul Ball, location: 2F
0-2: Ball
1-2: Foul Ball, location: 5F
1-2: Foul Ball, location: 9LDF
1-2: Ball
2-2: SINGLE (Line Drive, 4MD, EV 105.0 MPH)
Vic Miller to third
Batting: RHB Tim Bentley 0-0: Foul Ball, location: 2F
0-1: Ball
Jesús González is caught stealing 2nd base 2-4
1-1: Ball
2-1: Foul Ball, location: 7LMFF
2-2: Ball
3-2: Strikes out swinging
Bottom of the 6th over - 0 runs, 2 hits, 0 errors, 1 left on base; Aberdeen 2 - Winston-Salem 5
TOP OF THE 7TH
Aberdeen Ironbirds batting - Pitching for Winston-Salem Dash : RHP Luis Hernández
Batting: RHB Jesús González 0-0: Ball
1-0: Ball
2-0: Called Strike
2-1: Ball
3-1: Foul Ball, location: 3DF
3-2: Strikes out looking
Batting: RHB Pat Pallister 0-0: Foul Ball, location: 5FF
0-1: Swinging Strike
0-2: Strikes out swinging
Batting: RHB José Ortíz 0-0: Called Strike
0-1: Called Strike
0-2: SINGLE (Line Drive, 9LS, EV 104.4 MPH)
Batting: LHB Brett Leseberg 0-0: Called Strike
0-1: Called Strike
0-2: Ball
1-2: Foul Ball, location: 2F
1-2: Strikes out swinging
Top of the 7th over - 0 runs, 1 hit, 0 errors, 1 left on base; Aberdeen 2 - Winston-Salem 5
BOTTOM OF THE 7TH
Winston-Salem Dash batting - Pitching for Aberdeen Ironbirds : LHP Dan Haynes
Batting: RHB Jeremiah Miller 0-0: Ball
1-0: Ball
2-0: Called Strike
2-1: Ground out 4-3 (Groundball, 4, EV 86.3 MPH)
Batting: LHB Chris MacKinley 0-0: Ball
1-0: Ball
2-0: Ball
3-0: Base on Balls
Batting: LHB Junior Thomas 0-0: Ball
1-0: Foul Ball, location: 23F
1-1: Fly out, F8 (Flyball, 8RXD, EV 105.0 MPH)
Batting: SHB Josh Whitaker 0-0: Ball
1-0: Fielders Choice at 2nd, 6-4 (Groundball, 56, EV 91.9 MPH)
Bottom of the 7th over - 0 runs, 0 hits, 0 errors, 1 left on base; Aberdeen 2 - Winston-Salem 5
TOP OF THE 8TH
Aberdeen Ironbirds batting - Pitching for Winston-Salem Dash : RHP Luis Hernández
Pitching: RHP Dani Guerrero
Batting: RHB Jake Stokes 0-0: Ball
1-0: Called Strike
1-1: Swinging Strike
1-2: Ball
2-2: Ball
3-2: Strikes out swinging
Batting: LHB Danny Bentley 0-0: Called Strike
0-1: Ball
1-1: Ball
2-1: Foul Ball, location: 2F
2-2: Ball
3-2: Base on Balls
Batting: RHB Mike Davis 0-0: Ball
1-0: Swinging Strike
1-1: TRIPLE (Flyball, 89XD, EV 106.9 MPH)
Danny Bentley scores
Pinch Hitting: LHB José Medina 0-0: Called Strike
0-1: Ball
1-1: Foul Ball, location: 2F
1-2: Strikes out looking
Pinch Hitting: RHB José Tavárez 0-0: Ball
1-0: Called Strike
1-1: Called Strike
1-2: Strikes out swinging
Top of the 8th over - 1 run, 1 hit, 0 errors, 1 left on base; Aberdeen 3 - Winston-Salem 5
BOTTOM OF THE 8TH
Winston-Salem Dash batting - Pitching for Aberdeen Ironbirds : LHP Dan Haynes
Now at 2B: José Tavárez
Now at 3B: Sébastien Le Gac
Batting: RHB José Cortéz 0-0: Ball
1-0: Called Strike
1-1: Swinging Strike
1-2: Ball
2-2: Foul Ball, location: 5SF
2-2: Ball
3-2: Foul Ball, location: 2F
3-2: Base on Balls
Batting: LHB Jorge Pagán 0-0: Ball
1-0: Ball
2-0: Called Strike
2-1: Ball
José Cortéz is caught stealing 2nd base 2-6
3-1: Base on Balls
Pitching: LHP Buddy Whaley
Batting: RHB Vic Miller 0-0: Ball
1-0: Foul Ball, location: 2F
1-1: Ball
2-1: Fly out, F6 (Popup, 56D, EV 55.0 MPH)
Batting: RHB Jesús González 0-0: Called Strike
0-1: Ball
1-1: Ball
2-1: Foul Ball, location: 9LMF
2-2: Foul Ball, location: 3DF
2-2: Fly out, F8 (Line Drive, 8RM, EV 91.9 MPH)
Bottom of the 8th over - 0 runs, 0 hits, 0 errors, 1 left on base; Aberdeen 3 - Winston-Salem 5
TOP OF THE 9TH
Aberdeen Ironbirds batting - Pitching for Winston-Salem Dash : RHP Dani Guerrero
Pinch Hitting: LHB Jon Anderson 0-0: Called Strike
0-1: Ground out 4-3 (Groundball, 4, EV 101.9 MPH)
Pinch Hitting: LHB Dave Lortkipanidze 0-0: Ball
1-0: Called Strike
1-1: Ball
2-1: Ball
3-1: Foul Ball, location: 9LMFF
3-2: Strikes out swinging
Pinch Hitting: LHB Johnny Hudson 0-0: Called Strike
0-1: Swinging Strike
0-2: Ball
1-2: Foul Ball, location: 2F
1-2: Foul Ball, location: 5SF
1-2: Foul Ball, location: 25F
1-2: Strikes out swinging
Top of the 9th over - 0 runs, 0 hits, 0 errors, 0 left on base; Aberdeen 3 - Winston-Salem 5
Friday, May 3rd , 2024 - OOTP Baseball 24.10 Build 82